 Dungeon Crawl Stone Soup version 0.28.0-53-g5a82cb258f (webtiles) character file.

Game seed: 11376294231417828559

1525 purpskrrrp the Quickloader (level 8, -6/68 HPs)
             Began as a Minotaur Wanderer on June 22, 2022.
             Mangled by an ogre
             ... wielding a +0 giant club
              (24 damage)
             ... on level 6 of the Dungeon.
             The game lasted 00:34:56 (5013 turns).

purpskrrrp the Quickloader (Minotaur Wanderer)      Turns: 5013, Time: 00:34:57

Health: -6/68      AC:  8    Str: 20    XL:     8   Next: 54%
Magic:  8/8        EV: 10    Int:  9    God:
Gold:   258        SH:  0    Dex:  9    Spells: 5/9 levels left

rFire   x . .      SeeInvis .   f - +0 flail
rCold   + . .      Faith    .   d - orb {*Rage}
rNeg    . . .      Spirit   .   c - +1 scale mail
rPois   .          Reflect  .   (helmet restricted)
rElec   .          Harm     .   (no cloak)
rCorr   .          Rampage  .   (no gloves)
Will    .....      Rage     20% (no boots)
Stlth   ..........              p - amulet of regeneration
HPRegen 1.01/turn               e - ring of ice
MPRegen 0.11/turn               (no ring)

@: no status effects
A: horns 2, retaliatory headbutt
a: no special abilities


You were on level 6 of the Dungeon.
You visited 1 branch of the dungeon, and saw 6 of its levels.

You collected 258 gold pieces.

Inventory:

Hand Weapons
 a - a +2 hand crossbow
 f - a +0 flail (weapon)
 g - a +4 arbalest of flaming
Missiles
 h - 5 bolts
 l - 6 poisoned darts
 m - 68 sling bullets
 q - a boomerang
 u - 6 silver boomerangs (quivered)
Armour
 c - a +1 scale mail (worn)
 d - an orb of wrath (worn)
Magical Staves
 k - a staff of conjuration
Jewellery
 e - a ring of ice (left hand)
 p - an amulet of regeneration (around neck)
Scrolls
 b - a scroll of immolation
 j - 2 scrolls of teleportation
 t - a scroll of vulnerability {unknown}
Potions
 i - 2 potions of attraction
 n - 3 potions of curing
 o - a potion of lignification {unknown}
 r - a potion of mutation {unknown}
 s - a potion of heal wounds {unknown}


   Skills:
 + Level 5.0 Fighting
 + Level 4.1 Maces & Flails
 + Level 9.0 Crossbows
 + Level 3.5 Throwing
 + Level 5.9 Armour
 + Level 2.2 Dodging
 + Level 0.5 Stealth
 + Level 1.0 Spellcasting
 + Level 1.0 Transmutations


You had 5 spell levels left.
You knew the following spells:

 Your Spells              Type           Power      Damage    Failure   Level
a - Sting                 Tmut/Pois      4%         1d3       61%         1
b - Spider Form           Tmut/Pois      1%         N/A       93%         3

Your spell library contained the following spells:

 Spells                   Type           Power      Damage    Failure   Level


Dungeon Overview and Level Annotations

Branches:
Dungeon (6/15)
 Temple: D:4-7

Altars:
Nemelex Xobeh
Trog
Uskayaw


Innate Abilities, Weirdness & Mutations

You have a pair of horns on your head.
You reflexively headbutt those who attack you in melee.


Message History

Aim: a yak (lightly wounded, 69% to hit)
You throw a silver boomerang. The silver boomerang hits the yak.
The yak is moderately wounded.
A yak comes into view.
The yak bellows!
A yak comes into view.
You hit the yak but do no damage.
The yak is moderately wounded.
The yak gores you! The yak gores you but does no damage. The yak gores you.
You hit the yak. You headbutt the yak!
The yak is severely wounded.
The yak barely misses you. The yak gores you!
You barely miss the yak.
The yak is severely wounded.
The yak gores you! The yak gores you. The yak barely misses you.
You furiously retaliate!
You headbutt the yak! You barely miss the yak.
The yak is severely wounded.
The orc warrior shouts!
The yak gores you! The yak gores you.
* * * LOW HITPOINT WARNING * * *
The yak gores you but does no damage. The yak gores you.
* * * LOW HITPOINT WARNING * * *
You sock the yak!
The yak is lightly wounded.
An ogre comes into view. It is wielding a +0 giant club.
Found a stone staircase leading down.
The ogre shouts!
The orc wizard shouts!
You hear a shout!
The orc wizard mumbles some strange words.
The orc wizard flickers and vanishes!
Deactivating autopickup; reactivate with Ctrl-A.
Found a ring mail.
The orc shouts!
You hear some strange, mumbled words.
A puff of flame appears from out of thin air!
The puff of flame hits you. The fire burns you terribly!
* * * LOW HITPOINT WARNING * * *
The ogre hits you with a +0 giant club!!
You die...

........## #........#
#........## #.........##
#....o.....#
........###..........##
........##...{......>.#.
.......o.....o..@.......
...........#[..YO......#
..........####Y..###...#
..........####...## ..#
...........##Y....##.. #
.....#......oY.......##
....#......#...#.......
....#......#.#<#.......
.............###......#


You could see 4 yaks, an orc warrior, an ogre, an orc wizard and an orc.

Vanquished Creatures
  Eustachio (D:5)
  An ice beast (D:6)
  A sky beast (D:5)
  2 ogres
  3 black bears (D:4)
  A centaur (D:5)
  A phantom (D:5)
  A scorpion (D:5)
  2 jellies
  5 hounds
  A centaur skeleton (D:6)
  3 orc wizards
  A hound skeleton (D:4)
  7 gnolls
  5 adders
  A howler monkey skeleton (D:6)
  An ufetubus (D:6)
  2 worms
  3 dart slugs
  9 orcs
  9 endoplasms
  4 giant cockroaches
  3 goblins
  12 hobgoblins
  9 quokkas
  11 ball pythons
  3 bats
  6 frilled lizards
  A jackal skeleton (D:4)
  9 kobolds
  7 rats
125 creatures vanquished.

Notes
Turn   | Place    | Note
-------+----------+-------------------------------------------
     0 | D:1      | purpskrrrp the Minotaur Wanderer began the quest for the
                  | Orb.
     0 | D:1      | purpskrrrp set off with the following items: a +2 hand
                  | crossbow, 30 bolts, a +0 scale mail; and the following
                  | spell memorised: Sting; and the following spells available
                  | to memorise: Spider Form
     0 | D:1      | Reached XP level 1. HP: 16/16 MP: 1/1
   261 | D:1      | Reached XP level 2. HP: 23/23 MP: 2/2
   299 | D:1      | Reached skill level 6 in Crossbows
   673 | D:1      | Found a faded altar of an unknown god.
   753 | D:1      | Reached XP level 3. HP: 29/29 MP: 3/3
   922 | D:1      | Found a bloodstained altar of Trog.
  1187 | D:1      | Learned a level 3 spell: Spider Form
  1211 | D:2      | Reached XP level 4. HP: 28/36 MP: 4/4
  1339 | D:2      | Reached skill level 7 in Crossbows
  1701 | D:2      | Reached XP level 5. HP: 42/42 MP: 5/5
  2064 | D:3      | Identified a scroll of acquirement
  2064 | D:3      | Acquired a +4 arbalest of flaming
  2221 | D:3      | Found a sparkling altar of Nemelex Xobeh.
  2225 | D:3      | Found a hide-covered altar of Uskayaw.
  3207 | D:4      | Reached XP level 6. HP: 51/51 MP: 6/6
  3289 | D:4      | Found a bloodstained altar of Trog.
  3291 | D:4      | Reached skill level 8 in Crossbows
  3404 | D:4      | Reached skill level 1 in Dodging
  3420 | D:4      | Reached XP level 7. HP: 23/58 MP: 7/7
  3951 | D:5      | Entered Level 5 of the Dungeon
  4080 | D:5      | Reached skill level 9 in Crossbows
  4157 | D:5      | Reached skill level 1 in Maces & Flails
  4317 | D:5      | Reached skill level 1 in Throwing
  4321 | D:5      | Reached skill level 5 in Armour
  4370 | D:5      | Reached XP level 8. HP: 66/67 MP: 8/8
  4491 | D:5      | Noticed Eustachio
  4518 | D:5      | Killed Eustachio
  4936 | D:6      | Reached skill level 5 in Fighting
  5013 | D:6      | Mangled by an ogre

Illustrated notes

Levels and vault maps discovered:
D:1:      dpeg_arrival_water_altar, layout_loops_ring,
          dreamdust_ecumenical_altar_hidden_monk_grotto
D:2:      layout_basic, minmay_pentomino_pile
D:3:      layout_loops_ring, minitemple
D:4:      nicolae_cairo_tiling_very_big, layout_rooms, trog_ov_bears_minmay,
          minmay_fractal_squares_gapless_5
D:5:      layout_cave_pods, uniq_eustachio
D:6:      layout_cave_pools, minmay_temple_entry_statues_pillars, uniq_edmund

Skill      XL: |  1  2  3  4  5  6  7  8 |
---------------+-------------------------+-----
Crossbows      | 6 7 8 9 |  9.0
Fighting       | 2 3 4 5 |  5.0
Armour         | 3 5 |  5.9
Dodging        | 1 2 |  2.2
Maces & Flails | 3 4 |  4.1
Throwing       | 1 3 |  3.5
Stealth        | |  0.5
Spellcasting   | |  1.0
Transmutations | |  1.0

Action                   |  1- 3 |  4- 6 |  7- 9 || total
-------------------------+-------+-------+-------++-------
Melee: Flail             |       |    21 |    86 ||   107
       Headbutt          |       |     3 |     8 ||    11
 Fire: Hand crossbow     |    72 |    45 |       ||   117
       Arbalest          |       |    56 |       ||    56
Throw: Dart              |       |       |    25 ||    25
       Boomerang         |       |       |    36 ||    36
  Use: Scroll            |     2 |     6 |     2 ||    10
Armor: Scale mail        |    19 |    31 |    70 ||   120
Dodge: Dodged            |    15 |    37 |    66 ||   118
